 Dungeon Crawl Stone Soup version 0.24-b1-48-gd9db55c (webtiles) character file.

Game seed: 3250899430284146009, levelgen mode: deterministic

2265 Fang the Fighter (level 9, 0/59 HPs)
             Began as a Gargoyle Berserker on Oct 24, 2019.
             Was an Elder of Trog.
             Slain by Prince Ribbit (7 damage)
             ... on level 7 of the Dungeon.
             The game lasted 00:04:41 (4904 turns).

Fang the Fighter (Gargoyle Berserker)               Turns: 4904, Time: 00:04:42

Health: 0/59       AC: 16    Str: 23    XL:     9   Next: 38%
Magic:  9/9        EV: 12    Int:  9    God:    Trog [****..]
Gold:   324        SH:  0    Dex: 15    Spells: 8/8 levels left

rFire    . . .     SeeInvis .   a - +0 war axe
rCold    . . .     Gourm    .   (no shield)
rNeg     + . .     Faith    .   b - +0 chain mail
rPois    ∞         Spirit   .   (no helmet)
rElec    +         Reflect  .   (no cloak)
rCorr    .         Harm     .   (no gloves)
MR       ++...                  (no boots)
Stlth    ..........             (no amulet)
HPRegen  1.19/turn              s - +2 ring of evasion
MPRegen  0.11/turn              r - +6 ring of dexterity

@: berserk cooldown, regenerating, slowed, very slow
A: negative energy resistance 1, electricity resistance, unbreathing,
petrification resistance, rot immunity, AC +6
a: Berserk, Trog's Hand, Brothers in Arms, Renounce Religion


You were on level 7 of the Dungeon.
You worshipped Trog.
Trog was greatly pleased with you.
You were not hungry.

You visited 2 branches of the dungeon, and saw 8 of its levels.

You collected 324 gold pieces.

Inventory:

Hand Weapons
 a - a +0 war axe (weapon)
Armour
 b - a +0 chain mail (worn)
Jewellery
 r - a +6 ring of dexterity (right hand)
 s - a +2 ring of evasion (left hand)
 w - an uncursed amulet of faith {unknown}
 z - a cursed ring of attention {unknown}
Wands
 p - a wand of scattershot (6)
 x - a wand of acid (9)
 A - a wand of iceblast (5)
Scrolls
 d - 9 scrolls of teleportation {unknown}
 e - 3 scrolls of remove curse {unknown}
 f - 3 scrolls of amnesia {unknown}
 g - a scroll of enchant armour {unknown}
 h - a scroll of fog {unknown}
 i - 9 scrolls of identify {unknown}
 u - a scroll of enchant weapon {unknown}
 y - a scroll of fear {unknown}
Potions
 j - a potion of berserk rage {unknown}
 k - a potion of lignification {unknown}
 l - a potion of degeneration {unknown}
 m - 2 potions of flight {unknown}
 o - a potion of mutation {unknown}
 q - a potion of agility {unknown}
 t - 2 potions of magic {unknown}
 v - 2 potions of brilliance {unknown}
Comestibles
 c - 13 rations
 n - 2 chunks of flesh


   Skills:
 * Level 8.2 Fighting
 * Level 6.9 Axes
 + Level 6.0 Armour
 + Level 4.5 Dodging


You had 8 spell levels left.
You didn't know any spells.
Your spell library was empty.

Dungeon Overview and Level Annotations

Branches:
Dungeon (7/15)             Temple (1/1) D:5

Altars:
Cheibriados
Kikubaaqudgha
Trog
Xom
Zin

Annotations:
D:7 Prince Ribbit


Innate Abilities, Weirdness & Mutations

You are resistant to torment.
Your stone body is resilient. (AC +6)
You are immune to poison.
You resist negative energy. (rN+)
You are resistant to electric shocks. (rElec)
You can survive without breathing.
You are immune to petrification.
You are immune to rotting.


Message History

You are near starving!
Prince Ribbit barely misses you.
Prince Ribbit lets out a mournful croak.
Prince Ribbit barely misses you.
Eat one of 4 chunks of flesh? (ye/n/q)
You eat one of the 4 chunks of flesh.
This raw flesh tastes terrible.
You are feeling hungry.
Prince Ribbit hits you.
* * * LOW HITPOINT WARNING * * *
Prince Ribbit blinks!
Eat one of 3 chunks of flesh? (ye/n/q)
You eat one of the 3 chunks of flesh.
This raw flesh tastes terrible.
Prince Ribbit barely misses you. Prince Ribbit misses you.
Prince Ribbit blinks!
Prince Ribbit hops awkwardly around.
Prince Ribbit hits you!
* * * LOW HITPOINT WARNING * * *
Prince Ribbit blinks!
Prince Ribbit hits you!
You die...

..# #.......)....# ###
#...##..)).### #.........##
######.........#
...............### ###
.................## ##...
..................#### ####....
................F§...## #.......
................@.....####.......
...(...................#.#.......
.........########.##.###.#.......
.........# ##........F.$.....
.........# #......)#.#.......
.........# #.......#.####....
.........#######.......#.####.###
.......................#.##..)...
................######.#.##......


You could see Prince Ribbit.

Vanquished Creatures
  A troll (D:6)
  Grinder (D:4)
  An ice beast (D:6)
  2 sky beasts
  7 ogres
  A phantom (D:7)
  A scorpion (D:4)
  3 wights (D:6)
  A crimson imp (D:5)
  2 hounds
  A gnoll shaman (D:7)
  2 orc priests (D:4)
  A jelly (D:6)
  5 orc wizards
  2 bullfrog skeletons
  Terence (D:3)
  2 worker ants
  A hound skeleton (D:4)
  A worker ant zombie (D:6)
  11 adders
  3 gnolls (D:7)
  An ooze (D:4)
  3 worms
  2 dart slugs (D:2)
  5 leopard geckos
  19 orcs
  5 ball pythons
  6 giant cockroaches
  6 goblins
  9 hobgoblins
  6 jackals
  2 quokkas
  9 bats
  9 frilled lizards
  11 kobolds
  A leopard gecko zombie (D:6)
  2 rats
146 creatures vanquished.

Notes
Turn   | Place    | Note
-------+----------+-------------------------------------------
     0 | D:1      | Fang the Gargoyle Berserker began the quest for the Orb.
     0 | D:1      | Reached XP level 1. HP: 14/14 MP: 1/1
   137 | D:1      | Reached XP level 2. HP: 17/19 MP: 2/2
   413 | D:1      | Reached XP level 3. HP: 15/23 MP: 3/3
   480 | D:1      | Reached ** piety under Trog
   667 | D:2      | Found an ancient bone altar of Kikubaaqudgha.
   783 | D:2      | Reached XP level 4. HP: 12/29 MP: 4/4
  1076 | D:2      | Reached skill level 4 in Fighting
  1373 | D:2      | Found a snail-covered altar of Cheibriados.
  1579 | D:3      | Reached XP level 5. HP: 19/33 MP: 5/5
  1860 | D:3      | Reached *** piety under Trog
  1909 | D:3      | Found a shimmering altar of Xom.
  1909 | D:3      | Found a shimmering altar of Xom.
  2322 | D:3      | Noticed Terence
  2339 | D:3      | Killed Terence
  2339 | D:3      | Reached XP level 6. HP: 27/39 MP: 6/6
  2646 | D:4      | Reached skill level 5 in Fighting
  2874 | D:4      | Reached XP level 7. HP: 38/44 MP: 7/7
  2936 | D:4      | Found a glowing silver altar of Zin.
  3229 | D:4      | Noticed Grinder
  3237 | D:4      | Paralysed by Grinder for 2 turns
  3244 | D:4      | Killed Grinder
  3244 | D:4      | Reached skill level 6 in Fighting
  3244 | D:4      | Reached skill level 5 in Axes
  3244 | D:4      | Reached XP level 8. HP: 51/51 MP: 8/8
  3567 | D:5      | Entered Level 5 of the Dungeon
  3684 | D:5      | Reached **** piety under Trog
  3710 | D:5      | Reached skill level 5 in Armour
  3801 | D:5      | Found a staircase to the Ecumenical Temple.
  3813 | Temple   | Entered the Ecumenical Temple
  4249 | D:6      | Reached skill level 7 in Fighting
  4359 | D:6      | Noticed a troll
  4369 | D:6      | Killed a troll
  4523 | D:6      | Reached XP level 9. HP: 57/57 MP: 9/9
  4648 | D:6      | Found a bloodstained altar of Trog.
  4749 | D:7      | Reached skill level 8 in Fighting
  4863 | D:7      | Noticed Prince Ribbit
  4892 | D:7      | HP: 2/59 [ogre/+0 giant club (9)]
  4904 | D:7      | Slain by Prince Ribbit

Skill      XL: |  1  2  3  4  5  6  7  8  9 |
---------------+----------------------------+-----
Axes           | 3 4 5 6 |  6.9
Dodging        | 2 3 4 |  4.5
Armour         | 3 4 5 6 |  6.0
Fighting       | 4 5 6 7 8 |  8.2

Action                   |  1- 3 |  4- 6 |  7- 9 || total
-------------------------+-------+-------+-------++-------
Melee: Hand axe          |   149 |   101 |       ||   250
       War axe           |       |    90 |   191 ||   281
       Unarmed           |       |       |     1 ||     1
Invok: Berserk           |       |     6 |     2 ||     8
       Trog's Hand       |       |       |     2 ||     2
  Eat: Chunk             |       |    11 |    11 ||    22
Armor: Animal skin       |    85 |    55 |       ||   140
       Chain mail        |       |    31 |   104 ||   135
Dodge: Dodged            |   119 |   116 |   143 ||   378
